Map: Odyssey LE

Players

zero

  • Race: Terran Terran
  • League: Platinum
  • Spawn Location: 5:00

Metasapien - Winner!

  • Race: Zerg Zerg
  • League: Platinum
  • Spawn Location: 11:00

VOD

Have the link to the VOD?

Description

Time

  • Played on: Sept. 24, 2017, 11:57 p.m.
  • Length: 6:55
Show
View Real Time Build Order
Export as new Build Order

zero Terran 

Build Orders: 1/1/1, Widow Mine Drop 

Get SALT Encoding   

  12  0:02  SCV  
  13  0:14  SCV  
  14  0:19  Supply Depot  
  14  0:26  SCV  
  15  0:30  Refinery  
  15  0:41  SCV  
  16  0:45  Barracks  
  16  0:56  SCV  
  17  1:06  Refinery  
  17  1:08  SCV  
  18  1:20  SCV  
  19  1:32  Factory  
  19  1:34  Supply Depot  
  19  1:40  Orbital Command  
  19  1:44  Marine  
  20  2:05  Marine  
  21  2:13  SCV  
  22  2:18  Widow Mine  
  22  2:19  Starport  
  24  2:35  Barracks Reactor  
  25  2:37  SCV  
  25  2:49  Factory Tech Lab  
  25  2:53  SCV  
  25  2:57  Medivac, Supply Depot  
  28  3:04  Command Center  
  28  3:11  Marine x2  
  30  3:21  Supply Depot  
  30  3:28  Marine  
  30  3:29  Marine  
  32  3:36  Barracks  
  32  3:59  Marine x2  
  34  4:12  Factory Reactor  
  34  4:15  SCV x2  
  36  4:17  Marine  
  37  4:44  Marine  
  37  4:45  Marine  
  38  5:08  Marine  
  38  5:09  Marine x2  
  38  5:13  Supply Depot  
  41  5:16  Medivac  
  43  5:26  Marine x2  
  43  5:40  SCV x2  
  46  5:44  Marine  
  46  5:47  Barracks Tech Lab  
  46  5:50  Barracks  
  46  5:51  Barracks, Marine  
  47  6:02  Marine  
  44  6:37  Marine  
Show
View Real Time Build Order
Export as new Build Order

Metasapien Zerg - Winner!

Build Orders: Pool First 

Get SALT Encoding   

  12  0:03  Drone  
  13  0:13  Overlord  
  13  0:19  Drone  
  14  0:26  Extractor  
  14  0:27  Drone  
  14  0:31  Drone  
  15  0:36  Drone  
  16  0:49  Spawning Pool  
  15  0:51  Drone  
  16  0:58  Drone  
  17  1:21  Hatchery  
  17  1:22  Drone  
  17  1:27  Drone  
  17  1:32  Drone  
  19  1:43  Drone  
  20  1:47  Queen  
  22  2:03  Overlord  
  22  2:10  Extractor  
  22  2:14  Drone x2, Roach Warren  
  22  2:21  Metabolic Boost  
  22  2:31  Drone  
  23  2:38  Drone  
  23  2:40  Drone  
  25  2:45  Overlord  
  25  2:58  Queen  
  25  3:01  Roach x2  
  25  3:03  Drone x3  
  34  3:13  Drone  
  34  3:19  Drone x2  
  37  3:23  Roach  
  39  3:31  Drone  
  39  3:34  Hatchery  
  39  3:36  Drone  
  39  3:37  Drone  
  41  3:42  Drone  
  41  3:45  Drone  
  41  3:47  Extractor  
  42  3:52  Lair  
  42  3:57  Roach  
  42  4:00  Spine Crawler  
  42  4:01  Overlord  
  43  4:08  Drone  
  44  4:11  Overlord  
  44  4:15  Extractor  
  43  4:19  Roach  
  43  4:20  Roach x3  
  51  4:24  Zergling x2  
  51  4:30  Spore Crawler  
  51  4:32  Spore Crawler  
  49  4:51  Spore Crawler  
  47  4:56  Spore Crawler  
  47  4:59  Burrow  
  50  5:00  Roach x5  
  56  5:10  Drone x2  
  56  5:11  Drone  
  58  5:15  Drone x3  
  58  5:17  Drone  
  64  5:21  Roach  
  64  5:33  Drone  
  64  5:34  Drone  
  66  5:40  Spine Crawler  
  66  5:41  Overseer  
  65  5:55  Drone  
  65  5:56  Hydralisk Den, Drone  
  65  5:57  Drone, Infestation Pit  
  66  6:02  Overlord  
  66  6:03  Overlord x2  
  66  6:04  Pneumatized Carapace  
  66  6:21  Ravager x2  
  66  6:22  Ravager  
Tags
 
Add a new tag
Caveats
  • Supply blocks, unpowered buildings, or Contaminate may cause inaccurate times.
  • Supply counts are checked every 10 seconds.